 Dungeon Crawl Stone Soup version 0.20.0-10-g0535bb4 (webtiles) character file.

70 kuniqs the Shield-Bearer (level 4, -3/40 HPs)
             Began as a Minotaur Fighter on June 7, 2017.
             Killed from afar by Sigmund (11 damage)
             ... with a puff of flame
             ... on level 2 of the Dungeon.
             The game lasted 00:01:43 (1586 turns).

kuniqs the Shield-Bearer (Minotaur Fighter)         Turns: 1586, Time: 00:01:43

Health: -3/40      AC:  8    Str: 21    XL:     4   Next: 4%
Magic:  3/3        EV:  8    Int:  5    God:
Gold:   119        SH:  9    Dex: 10    Spells: 3/3 levels left

rFire    . . .     SeeInvis .   a - +0 war axe
rCold    . . .     Gourm    +   c - +0 shield
rNeg     . . .     Faith    .   b - +0 scale mail
rPois    .         Spirit   .   (helmet restricted)
rElec    .         Reflect  .   (no cloak)
rCorr    .         Harm     .   (no gloves)
MR       +....                  h - +0 pair of boots (curse)
Stlth    ..........             w - amulet of the gourmand
Regen    0.2/turn               i - ring of protection from magic
MPRegen  0.1/turn               k - ring of loudness (curse)

@: no status effects
A: retaliatory headbutt, horns 2
a: no special abilities


You were on level 2 of the Dungeon.
You were not hungry.

You visited 1 branch of the dungeon, and saw 2 of its levels.

You collected 119 gold pieces.

Inventory:

Hand Weapons
 a - a +0 war axe (weapon)
Armour
 b - a +0 scale mail (worn)
 c - a +0 shield (worn)
 h - a cursed +0 pair of boots (worn)
Jewellery
 i - a ring of protection from magic (left hand)
 k - a cursed ring of loudness (right hand)
 l - a +3 ring of strength {unknown}
 q - an uncursed ring of magical power {unknown}
 s - an uncursed ring of flight {unknown}
 w - an amulet of the gourmand (around neck)
Scrolls
 g - a scroll of teleportation {unknown}
 p - a scroll of magic mapping {unknown}
 r - a scroll of immolation {unknown}
 t - a scroll of recharging {unknown}
 u - a scroll of identify {unknown}
 v - a scroll of amnesia {unknown}
Potions
 f - a potion of might
 j - a potion of agility
 n - 4 potions of curing {unknown}
 x - a potion of cancellation {unknown}
Comestibles
 d - 2 bread rations
 e - a meat ration
 o - a royal jelly


   Skills:
 + Level 3.9 Fighting
 + Level 3.2 Axes
 + Level 4.2 Armour
 + Level 1.5 Dodging
 + Level 4.3 Shields


You had 3 spell levels left.
You didn't know any spells.

Dungeon Overview and Level Annotations

Branches:
Dungeon (2/15)

Altars:
Trog

Annotations:
D:2 Sigmund


Innate Abilities, Weirdness & Mutations

You reflexively headbutt those who attack you in melee.
You have a pair of horns on your head.


Message History

You are too injured to fight recklessly!
You are too injured to fight recklessly!
You are too injured to fight recklessly!
You are too injured to fight recklessly!
You slash Sigmund!
Sigmund is severely wounded.
You block Sigmund's attack.
You closely miss Sigmund.
Sigmund is severely wounded.
Sigmund barely misses you.
You hit Sigmund.
Sigmund is almost dead.
Sigmund points at you and mumbles some strange words.
The puff of flame hits you!
* * * LOW HITPOINT WARNING * * *
Your shield prevents you from hitting Sigmund.
Sigmund is almost dead.
Sigmund casts a spell at you. The puff of flame hits you!
You die...

########################
#.......................
#.######################
#.# #### #.# #.. .# #.#
#@# .# #.# #@#####.## #
#.# #.##.....# # #.#
#.##.....+ ##
#.#####'##.....# #.
#.#............# #.
#.#..).....############.
#>'...................#.
###.........####......##
#.........# #.......#


You could see Sigmund.

Vanquished Creatures
  An adder (D:2)
  An ooze (D:1)
  3 worms (D:2)
  A dart slug (D:1)
  2 leopard geckos (D:2)
  A giant cockroach (D:1)
  5 goblins
  5 hobgoblins
  3 jackals (D:2)
  2 ball pythons (D:1)
  8 bats
  3 frilled lizards
  3 kobolds
  10 rats
48 creatures vanquished.

Notes
Turn   | Place    | Note
-------+----------+-------------------------------------------
     0 | D:1      | kuniqs the Minotaur Fighter began the quest for the Orb.
     0 | D:1      | Reached XP level 1. HP: 19/19 MP: 0/0
    95 | D:1      | Reached XP level 2. HP: 25/27 MP: 1/1
   856 | D:2      | Reached XP level 3. HP: 33/33 MP: 2/2
  1067 | D:2      | Reached skill level 1 in Dodging
  1468 | D:2      | Noticed a moth of wrath
  1485 | D:2      | Found a bloodstained altar of Trog.
  1509 | D:2      | Reached XP level 4. HP: 40/40 MP: 3/3
  1575 | D:2      | Noticed Sigmund
  1586 | D:2      | Killed from afar by Sigmund

Skill      XL: |  1  2  3 |
---------------+----------+-----
Armour         | 4 |  4.2
Shields        | 4 |  4.3
Axes           | 3 |  3.2
Dodging        | 1 |  1.5
Fighting       | |  3.9

Action                   |  1- 3 |  4- 6 || total
-------------------------+-------+-------++-------
Melee: War axe           |   103 |     8 ||   111
       Headbutt          |    14 |       ||    14
  Eat: Chunk             |     7 |     1 ||     8
Armor: Scale mail        |    62 |     2 ||    64
Dodge: Dodged            |    42 |     2 ||    44
Block: Shield            |    58 |     1 ||    59
